 Dungeon Crawl Stone Soup version 0.26-a0-958-gf3041fb45f (webtiles) character file.

Game seed: 10226384212996428509

130 miscthings the Vexing (level 4, 0/30 HPs)
             Began as a Vampire Enchanter on Nov 30, 2020.
             Succumbed to an adder's poison
             ... on level 3 of the Dungeon.
             The game lasted 00:02:45 (1196 turns).

miscthings the Vexing (Vampire Enchanter)           Turns: 1196, Time: 00:02:46

Health: 0/30       AC:  2    Str:  8    XL:     4   Next: 89%
Magic:  1/8        EV: 12    Int: 17    God:
Gold:   102        SH:  0    Dex: 14    Spells: 6/9 levels left

rFire    . . .     SeeInvis +   a - +1 dagger
rCold    . . .     Faith    .   (no shield)
rNeg     . . .     Spirit   .   b - +0 robe
rPois    .         Reflect  .   (no helmet)
rElec    .         Harm     .   (no cloak)
rCorr    .         Rampage  .   (no gloves)
MR       .....                  (no boots)
Stlth    +++.......             (no amulet)
HPRegen  0.30/turn              (no ring)
MPRegen  0.11/turn              (no ring)

@: brilliant, lethally poisoned (0 -> -1), very slightly contaminated,
regenerating quickly, hasted, very quick
A: fangs 3, see invisible, unbreathing
a: Exsanguinate


You were on level 3 of the Dungeon.
You visited 1 branch of the dungeon, and saw 3 of its levels.

You collected 102 gold pieces.

Inventory:

Hand Weapons
 a - a +1 dagger (weapon)
 f - a +1 whip of draining
Armour
 b - a +0 robe (worn)
Scrolls
 g - 3 scrolls of remove curse {unknown}
 h - a scroll of magic mapping {unknown}
 i - a scroll of identify {unknown}
 j - a scroll of amnesia {unknown}
Potions
 d - a potion of resistance {unknown}
 k - a potion of curing {unknown}


   Skills:
 - Level 1.1 Short Blades
 - Level 2.1 Dodging
 - Level 4.4 Stealth
 - Level 3.0 Spellcasting
 - Level 7.0 Hexes
 + Level 1.3 Ice Magic


You had 6 spell levels left.
You knew the following spells:

 Your Spells              Type           Power        Failure   Level
a - Ensorcelled Hibernat  Hex/Ice        ####..       4%          2
b - Corona                Hex            #####..      1%          1

Your spell library contained the following spells:

 Spells                   Type           Power        Failure   Level
 Confusing Touch          Hex            #####...     3%          3
 Tukima's Dance           Hex            #####...     3%          3
 Dazzling Flash           Conj/Hex       ###...       12%         3


Dungeon Overview and Level Annotations

Branches:
Dungeon (3/15)

Altars:
Ashenzari


Innate Abilities, Weirdness & Mutations

Your natural rate of healing is unusually fast.
You have razor-sharp teeth.
You have supernaturally acute eyesight. (SInv)
You can survive without breathing.


Message History

Press: ? - help, Shift-Dir - straight line, f/p - kobold
Aim: a kobold, wielding a +0 dagger (chance to defeat MR: 64%)
You miscast Ensorcelled Hibernation.
You are very lightly contaminated with residual magic.
Nothing appears to happen.
You feel sick. The kobold misses you.
Casting: Ensorcelled Hibernation (safe; 4% risk of failure)
Confirm with . or Enter, or press ? or * to list all spells.
You don't have enough magic to cast that spell.
Unknown command.
You hit the kobold.
The kobold is moderately wounded.
The kobold hits you with a +0 dagger.
* * * LOW HITPOINT WARNING * * *
Okay, then.
It was a potion of brilliance.
You feel clever all of a sudden. The kobold hits you with a +0 dagger.
* * * LOW HITPOINT WARNING * * *
It was a potion of haste.
You feel yourself speed up.
You die...

###########
#.?.......#
#.........#
#.........#
..#.........#####
..'........bK@..#
#...).....#...#
#..<......#...#
###+#######.....
#######


You could see a bat and a kobold.

Vanquished Creatures
  A howler monkey (D:3)
  5 adders
  An ooze (D:2)
  A worm (D:2)
  A dart slug (D:2)
  4 leopard geckos
  2 giant cockroaches (D:1)
  3 goblins
  3 hobgoblins
  9 kobolds
  2 bats
  A frilled lizard (D:2)
  5 rats
38 creatures vanquished.

Notes
Turn   | Place    | Note
-------+----------+-------------------------------------------
     0 | D:1      | miscthings the Vampire Enchanter began the quest for the
                  | Orb.
     0 | D:1      | Reached XP level 1. HP: 13/13 MP: 3/3
   117 | D:1      | Reached skill level 5 in Hexes
   130 | D:1      | Reached XP level 2. HP: 15/19 MP: 5/5
   173 | D:1      | Learned a level 2 spell: Ensorcelled Hibernation
   497 | D:2      | Reached XP level 3. HP: 23/24 MP: 6/6
   584 | D:2      | Found a broken altar of Ashenzari.
   657 | D:2      | Reached skill level 6 in Hexes
   892 | D:2      | Reached XP level 4. HP: 17/30 MP: 5/8
  1173 | D:3      | Reached skill level 1 in Ice Magic
  1192 | D:3      | Reached skill level 7 in Hexes
  1195 | D:3      | HP: 1/30 [kobold/+0 dagger (1)]
  1196 | D:3      | Succumbed to an adder's poison

Illustrated notes

Levels and vault maps discovered:
D:1:      mrwooster_arrival_statue, layout_rooms
D:2:      layout_loops_cross, nicolae_ashenzari_panopticon
D:3:      layout_basic, minmay_snake_closets

Skill      XL: |  1  2  3  4 |
---------------+-------------+-----
Hexes          | 5 6 7 |  7.0
Spellcasting   | 3 |  3.0
Ice Magic      | 1 |  1.3
Short Blades   | |  1.1
Dodging        | |  2.1
Stealth        | |  4.4

Action                   |  1- 3 |  4- 6 || total
-------------------------+-------+-------++-------
Melee: Dagger            |    74 |     3 ||    77
       Bite              |     4 |     4 ||     8
       Whip              |    54 |    39 ||    93
 Cast: Corona            |     3 |       ||     3
       Ensorcelled Hiber |     2 |     7 ||     9
  Use: Potion            |       |     2 ||     2
 Stab: Sleeping          |     9 |     3 ||    12
Armor: Robe              |    23 |     7 ||    30
Dodge: Dodged            |    80 |    23 ||   103

Table legend: (Time is in decaauts)
 A = Elapsed time spent in this place.
 B = Non-inter-level travel time spent in this place.
 C = Inter-level travel time spent in this place.
 D = Time resting spent in this place.
 E = Time spent auto-exploring this place.
 F = Levels seen in this place.
 G = Mean time per level.
                   A        B        C        D        E       F      G
               +--------+--------+--------+--------+--------+-----+--------+
         Total |   1197 |   1158 |     39 |     71 |    691 |   3 |  399.0 |
       Dungeon |   1197 |   1158 |     39 |     71 |    691 |   3 |  399.0 |
               +--------+--------+--------+--------+--------+-----+--------+

Top non-repeatable levels by time:
     D:2: 751 daAuts
     D:1: 409 daAuts
     D:3: 36 daAuts
